 Dungeon Crawl Stone Soup version 0.31-a0-536-ga3e2962e35 (webtiles) character file.

Game seed: 17601226179886796802

527 Conn the Firebug (level 7, -19/42 HPs)
             Began as an Octopode Fire Elementalist on Aug 13, 2023.
             Killed by an exploding giant cockroach (35 damage)
             ... ignited by their inner flame
             ... on level 4 of the Dungeon.
             The game lasted 00:13:58 (2389 turns).

Conn the Firebug (Octopode Fire Elementalist)       Turns: 2389, Time: 00:13:59

Health: -19/42     AC:  1    Str:  7    XL:     7   Next: 23%
Magic:  9/12       EV: 13    Int: 20    God:
Gold:   63         SH:  0    Dex: 12    Spells: 3/13 levels left

rFire   . . .        t - +2 dagger (venom)
rCold   . . .        (no shield)
rNeg    . . .        (helmet restricted)
rPois   +            (no amulet)
rElec   .            r - ring of poison resistance
rCorr   .            (no ring)
SInv    .            (no ring)
Will    .....        (no ring)
Stlth   +++          (no ring)
HPRegen 0.27/turn    (no ring)
MPRegen 0.13/turn    (no ring)
                     (no ring)

%: no passive effects
@: no status effects
A: almost no armour, amphibious, 8 rings, camouflage 1, gelatinous body 1,
(nimble swimmer 1), tentacles
a: no special abilities


You were on level 4 of the Dungeon.
You visited 1 branch of the dungeon, and saw 4 of its levels.

You collected 123 gold pieces.
You spent 60 gold pieces at shops.

Inventory:

Hand Weapons
 c - a +0 dagger
 e - a +1 hand axe of flaming
 p - a +4 quarterstaff of chaos
 t - a +2 dagger of venom (weapon)
Missiles
 j - a throwing net
Armour
 i - a -3 buckler
Jewellery
 r - a ring of poison resistance (left tentacle)
Scrolls
 d - 2 scrolls of teleportation {unknown}
 f - a scroll of enchant weapon {unknown}
 h - 2 scrolls of identify {unknown}
 k - a scroll of torment {unknown}
 l - 3 scrolls of noise {unknown}
 m - a scroll of amnesia {unknown}
 n - a scroll of blinking {unknown}
 o - a scroll of poison
 w - a scroll of immolation {unknown}
Potions
 b - a potion of berserk rage {unknown}
 g - 2 potions of lignification
 q - a potion of invisibility {unknown}
 s - a potion of curing
 u - a potion of might {unknown}
 v - a potion of degeneration {unknown}


   Skills:
 + Level 0.7 Fighting
 + Level 1.6 Short Blades
 + Level 0.4 Axes
 + Level 2.3 Dodging
 + Level 4.2 Stealth
 * Level 2.8 Shields
 * Level 3.8 Spellcasting
 * Level 2.8 Conjurations
 + Level 4.3 Fire Magic


You had 3 spell levels left.
You knew the following spells:

 Your Spells              Type           Power      Damage    Failure   Level
a - Foxfire               Conj/Fire      72%        2x1d7     3%          1
b - Scorch                Fire           42%        2d6       3%          2
c - Inner Flame           Hex/Fire       12%        N/A       16%         3
d - Flame Wave            Conj/Fire      18%        2d7       30%         4

Your spell library contained the following spells:

 Spells                   Type           Power      Damage    Failure   Level
 Volatile Blastmotes      Fire/Tloc      24%        2d12      16%         3
 Portal Projectile        Hex/Tloc       6%         N/A       36%         3
 Tukima's Dance           Hex            4%         N/A       36%         3
 Iskenderun's Mystic Bla  Conj/Tloc      9%         2d4       58%         4


Dungeon Overview and Level Annotations

Branches:
Dungeon (4/15)
 Temple: D:4-7

Altars:

Shops:
D:1 [   D:2 !

Annotations:
D:4 Menkaure


Innate Abilities, Weirdness & Mutations

You cannot wear most types of armour.
You are amphibious.
You can wear up to eight rings at the same time.
Your skin changes colour to match your surroundings (Stealth+).
Your rubbery body absorbs attacks. (AC +1, EV +1)
((You are camouflaged when in or above water. (Stealth+)))
You have tentacles for arms and can constrict up to eight enemies at once.


Message History

Unknown command.
You hit the jackal.
The jackal is poisoned.
You grab the jackal. You squeeze the jackal.
You kill the jackal!
The foxfire hits the jackal but does no damage.
The jackal is moderately wounded.
The foxfire hits the jackal but does no damage.
The jackal is moderately wounded.
The foxfire hits the jackal.
The jackal is almost dead.
The jackal misses you. Magic courses through your body.
The jackal closely misses you.
Unknown command.
You hit the jackal but do no damage. You grab the jackal.
The jackal is almost dead.
You constrict the jackal, but do no damage.
The jackal closely misses you. The jackal bites you.
You hit the jackal.
You kill the jackal!
The giant cockroach bites you but does no damage.
Casting: Foxfire (safe; 3% risk of failure)
Confirm with . or Enter, or press ? or * to list all spells.
Aiming: Inner Flame (dangerous; 16% risk of failure)
Press: ? - help, Dir - move target, f - giant cockroach
Aim: a giant cockroach (chance to affect: 79%)
The giant cockroach is filled with an inner flame.
The giant cockroach bites you.
Unknown command.
The giant cockroach misses you. The giant cockroach barely misses you.
Casting: Inner Flame (dangerous; 16% risk of failure)
Confirm with . or Enter, or press ? or * to list all spells.
You conjure some foxfire!
Menkaure calls on the powers of darkness!
The giant cockroach convulses!
Flame seeps out of the giant cockroach.
Your body is wracked with pain!
The giant cockroach is engulfed in blazing flames.
The giant cockroach explodes!
The fiery explosion engulfs you!!
Ouch! That really hurt!
You die...

##. ..###. #..###..#.. .
....#..... .. #.#
.........# ... # #.#
.........##...## #.#..
......§#.....# #.#.. ..
.#.v§○§M.....
#.#.###..###v@#.M.....
#.....##....†###.... ##
#...#.#.......#..## ..#.
#..<...........M..#.....
#.....##.....#†........#
#......##...##.........#
####...#.....#.....B...#
..........†.....?..#.....
..######.......#..###..#.


You could see Menkaure.

Vanquished Creatures
  Sigmund (D:2)
  The ghost of Ethylacetat the Slasher, an amateur OpGl (D:3)
  A phantom (D:4)
  An iguana (D:4)
  Crazy Yiuf (D:2)
  An orc wizard (D:3)
  2 adders
  2 worms (D:2)
  2 dart slugs (D:1)
  4 orcs (D:3)
  5 endoplasms
  3 giant cockroaches
  4 goblins
  8 hobgoblins
  3 jackals (D:4)
  3 quokkas
  7 ball pythons
  3 bats
  10 frilled lizards
  6 kobolds
  5 rats
73 creatures vanquished.

Vanquished Creatures (others)
  115 foxfires
115 creatures vanquished.

Grand Total: 188 creatures vanquished

Notes
Turn   | Place    | Note
-------+----------+-------------------------------------------
     0 | D:1      | Conn the Octopode Fire Elementalist began the quest for the
                  | Orb.
     0 | D:1      | Reached XP level 1. HP: 11/11 MP: 3/3
   245 | D:1      | Reached XP level 2. HP: 17/17 MP: 0/5
   538 | D:1      | Reached XP level 3. HP: 21/21 MP: 4/6
   555 | D:1      | Found Okimmet's Antique Armour Boutique.
   695 | D:1      | Learned a level 2 spell: Scorch
   699 | D:1      | Learned a level 3 spell: Inner Flame
   805 | D:2      | Noticed Sigmund
   968 | D:2      | Killed Sigmund
   969 | D:2      | Reached skill level 1 in Short Blades
   969 | D:2      | Reached skill level 1 in Shields
   969 | D:2      | Reached XP level 4. HP: 27/27 MP: 0/8
   969 | D:2      | Reached XP level 5. HP: 31/31 MP: 0/9
  1111 | D:2      | Found Zanuppiu's Distillery.
  1115 | D:2      | Bought 2 potions of lignification for 60 gold pieces
  1308 | D:2      | Learned a level 4 spell: Flame Wave
  1313 | D:2      | Found a runed translucent door.
  1314 | D:2      | Noticed Crazy Yiuf
  1328 | D:2      | Killed Crazy Yiuf
  1329 | D:2      | Reached XP level 6. HP: 4/36 MP: 1/10
  1916 | D:3      | Found a faded altar of an unknown god.
  1998 | D:3      | Found a runed translucent gate.
  1998 | D:3      | Found a runed translucent gate.
  1999 | D:3      | Found a runed translucent gate.
  2000 | D:3      | Noticed Ethylacetat's ghost (amateur OpGl)
  2012 | D:3      | Killed Ethylacetat's ghost
  2309 | D:4      | Reached XP level 7. HP: 42/42 MP: 5/12
  2362 | D:4      | Noticed Menkaure
  2389 | D:4      | Killed by an exploding giant cockroach... ignited by their
                  | inner flame

Illustrated notes

Levels and vault maps discovered:
D:1:      psy_arrival_dodecagon, layout_basic, serial_shops,
          nicolae_shop_scrapyard, minmay_indecisive_spiral
D:2:      layout_rooms, serial_shops, nicolae_shop_back_alley_shop,
          kennysheep_generic_room_10, uniq_crazy_yiuf_cottage, uniq_sigmund
D:3:      layout_basic, ebering_ecumenical_altar_abandoned,
          ebering_ghost_rock_garden, grunt_ministairs_9
D:4:      nicolae_cairo_tiling_large_dashed, layout_basic, kennysheep_potato,
          uniq_menkaure

Skill      XL: |  1  2  3  4  5  6 |
---------------+-------------------+-----
Stealth        | 3 4 |  4.2
Short Blades   | 1 |  1.6
Shields        | 1 2 |  2.8
Spellcasting   | 3 |  3.8
Conjurations   | 2 |  2.8
Fire Magic     | 4 |  4.3
Fighting       | |  0.7
Axes           | |  0.4
Dodging        | |  2.3

Action                     |  1- 3 |  4- 6 |  7- 9 || total
---------------------------+-------+-------+-------++-------
  Melee: Dagger            |    35 |    16 |     5 ||    56
         Constrict         |    14 |     9 |     2 ||    25
         Tentacles         |     5 |     5 |     1 ||    11
         Hand axe          |       |    22 |       ||    22
         Quarterstaff      |       |     4 |       ||     4
   Cast: Foxfire           |    41 |    24 |     6 ||    71
         Scorch            |     2 |     6 |     4 ||    12
         Inner Flame       |     1 |       |     1 ||     2
    Use: Potion            |     3 |     1 |     2 ||     6
         Scroll            |     1 |       |       ||     1
   Stab: Sleeping          |       |     9 |     1 ||    10
 Armour: Skin              |     4 |     8 |     3 ||    15
  Dodge: Dodged            |    31 |    12 |    15 ||    58

Table legend: (Time is in decaauts)
 A = Elapsed time spent in this place.
 B = Non-inter-level travel time spent in this place.
 C = Inter-level travel time spent in this place.
 D = Time resting spent in this place.
 E = Time spent auto-exploring this place.
 F = Levels seen in this place.
 G = Mean time per level.
                   A        B        C        D        E       F      G
               +--------+--------+--------+--------+--------+-----+--------+
         Total |   2391 |   2362 |     29 |    226 |   1281 |   4 |  597.8 |
       Dungeon |   2391 |   2362 |     29 |    226 |   1281 |   4 |  597.8 |
               +--------+--------+--------+--------+--------+-----+--------+

Top non-repeatable levels by time:
     D:2: 843 daAuts
     D:1: 732 daAuts
     D:3: 723 daAuts
     D:4: 92 daAuts
